 Dungeon Crawl Stone Soup version 0.26.0-20-g3ca415f5b8 (webtiles) character file.

Game seed: 16056544224735485882

9943 Marvel the Grappler (level 11, -1/109 HPs)
             Began as a Troll Monk on Jan 25, 2021.
             Was a Follower of Uskayaw.
             Killed from afar by Fannar (24 damage)
             ... with a bolt of cold
             ... on level 11 of the Dungeon.
             The game lasted 00:29:12 (9194 turns).

Marvel the Grappler (Troll Monk)                    Turns: 9194, Time: 00:29:13

Health: -1/109     AC: 13    Str: 24    XL:     11   Next: 29%
Magic:  10/10      EV: 19    Int:  6    God:    Uskayaw [*.....]
Gold:   792        SH:  0    Dex: 17    Spells: 8/10 levels left

rFire    + . .     SeeInvis .   t - +2 morningstar "Boavecha" {speed, *Noise Dex+5} (curse)
rCold    . . .     Faith    .   (no shield)
rNeg     . . .     Spirit   .   H - +0 troll leather armour
rPois    .         Reflect  .   x - +2 hat
rElec    .         Harm     .   r - +2 cloak
rCorr    .         Rampage  .   (gloves unavailable)
Will     .....                  (boots unavailable)
Stlth    ++........             (no amulet)
HPRegen  1.08/turn              k - +4 ring of evasion
MPRegen  0.12/turn              n - ring of protection from fire

@: attractive
A: large, unfitting armour, claws 3, regeneration 1, shaggy fur 1, tough skin 3
a: Renounce Religion, Stomp


You were on level 11 of the Dungeon.
You worshipped Uskayaw.
Uskayaw was noncommittal.
You visited 1 branch of the dungeon, and saw 11 of its levels.
You also visited: Ossuary.

You collected 1018 gold pieces.
You spent 226 gold pieces at shops.

Inventory:

Hand Weapons
 t - the cursed +2 morningstar "Boavecha" (weapon) {speed, *Noise Dex+5}
   (You found it on level 8 of the Dungeon)

   Attacks with this weapon are significantly faster.
   It affects your dexterity (+5).
   It may make noises in combat.
   It has a curse placed upon it.
 K - a +2 demon trident of venom
Missiles
 i - 7 curare-tipped darts (quivered)
 E - 11 boomerangs
Armour
 a - a +0 robe
 r - a +2 cloak (worn)
 x - a +2 hat (worn)
 H - a +0 troll leather armour (worn)
 N - a +2 robe of fire resistance
Jewellery
 f - an uncursed ring of flight
 g - an uncursed ring of positive energy
 k - a +4 ring of evasion (left claw)
 n - a ring of protection from fire (right claw)
 I - an uncursed ring of ice
 J - an uncursed ring of protection from fire
Wands
 p - a wand of polymorph (18)
 q - a wand of iceblast (12)
 v - a wand of flame (22)
 C - a wand of acid (11)
Scrolls
 d - 17 scrolls of identify
 j - 7 scrolls of teleportation
 u - a scroll of magic mapping
 y - 3 scrolls of amnesia
 z - 2 scrolls of enchant weapon
 F - a scroll of blinking
 G - a scroll of fog
 M - 2 scrolls of remove curse
Potions
 b - a potion of cancellation {unknown}
 c - 4 potions of flight {unknown}
 e - a potion of mutation {unknown}
 h - 3 potions of might
 l - 3 potions of curing
 m - 3 potions of invisibility
 o - 5 potions of haste
 s - a potion of lignification {unknown}
 w - a potion of berserk rage
 A - a potion of brilliance {unknown}
 B - 2 potions of magic {unknown}
 D - a potion of heal wounds


   Skills:
 + Level 7.1 Fighting
 - Level 4.5 Maces & Flails
 + Level 0.1 Throwing
 + Level 4.1 Armour
 + Level 8.2 Dodging
 - Level 1.0 Stealth
 + Level 11.1 Unarmed Combat


You had 8 spell levels left.
You knew the following spells:

 Your Spells              Type           Power        Failure   Level
a - Blink                 Tloc           N/A          63%         2

Your spell library contained the following spells:

 Spells                   Type           Power        Failure   Level
 Corona                   Hex            0%           50%         1
 Magic Dart               Conj           0%           50%         1
 Call Imp                 Summ           0%           63%         2
 Slow                     Hex            0%           63%         2
 Confusing Touch          Hex            0%           86%         3
 Conjure Flame            Conj/Fire      0%           86%         3
 Gell's Gravitas          Tloc           0%           86%         3
 Inner Flame              Hex/Fire       0%           86%         3
 Mephitic Cloud           Conj/Pois/Air  0%           86%         3
 Portal Projectile        Hex/Tloc       0%           86%         3
 Cause Fear               Hex            0%           99%         4
 Leda's Liquefaction      Hex/Erth       0%           99%         4
 Petrify                  Tmut/Erth      0%           99%         4
 Metabolic Englaciation   Hex/Ice        0%           100%        5
 Yara's Violent Unravell  Hex/Tmut       0%           100%        5


Dungeon Overview and Level Annotations

Branches:
Dungeon (11/15)            Temple (0/1) D:5            Lair (0/6) D:11
    Orc (0/2) D:9         Ossuary (visited)

Altars:
Ashenzari
Dithmenos
Hepliaklqana
Makhleb
Nemelex Xobeh
Ru
Uskayaw
Xom
Yredelemnul

Shops:
D:4 !   D:5 (   D:6 !   D:9 :   D:10 [

Annotations:
D:2 Sigmund
D:3 1 runed translucent door
D:8 Maurice
D:11 Fannar


Innate Abilities, Weirdness & Mutations

You are too large for most types of armour.
You have claws for hands.
Your natural rate of healing is unusually fast.
You are covered in fur. (AC +1)
You have extremely tough skin. (AC +3)


Message History

You closely miss the ice beast.
The ice beast is severely wounded.
The ice beast barely misses you.
You hit the ice beast but do no damage. You claw the ice beast.
You kill the ice beast!
You miss something. Something hits you. Something freezes you.
Your troll leather armour prevents you from hitting something.
You hear some strange, mumbled words.
The ambient heat is drained!
You feel very cold.
You closely miss something.
You hear some strange, mumbled words.
The ambient heat is drained!
You feel very cold.
* * * LOW HITPOINT WARNING * * *
It was a potion of attraction.
You feel attractive to monsters.
Fannar appears from thin air!
Reactivating autopickup.
Fannar gestures at you while chanting. The bolt of cold hits you!!
You die...

......................#
..##..................#
..##.###......#.......#
.....# ########.......#
##..## ##..#..## ....##
##....# .....# ###..#
###### ######..### #
##..@eY....#
#############..####....#
..............## ###..#
############### ####


You could see Fannar (icy armour) and an ice beast (summoned).

Vanquished Creatures
  Erica (D:11)
  Nergalle (D:11)
  An unseen horror (D:10)
  Pikel (D:5)
  A manticore (D:11)
  A komodo dragon (D:11)
  3 trolls
  3 yaks (D:8)
  A shadow (D:11)
  A steam dragon (D:8)
  A water moccasin (D:10)
  4 ice beasts
  2 sky beasts
  A black bear (D:10)
  2 phantoms
  10 orc warriors
  4 ogres
  5 centaurs
  3 lemures (D:5)
  A wyvern zombie (D:7)
  6 bullfrogs
  6 scorpions
  4 killer bees (D:11)
  2 howler monkeys
  3 centaur zombies
  2 bullfrog zombies
  A crimson imp (D:9)
  10 hounds
  5 jellies
  8 orc priests
  25 orc wizards
  A bullfrog skeleton (D:10)
  An iguana (D:3)
  6 worker ants
  A big kobold zombie (Ossuary)
  2 hound zombies
  A hound skeleton (D:4)
  2 mummies (Ossuary)
  11 adders
  A gnoll (D:1)
  2 white imps
  An ufetubus (D:6)
  An ooze (D:3)
  An adder zombie (D:5)
  An adder skeleton (D:5)
  A worm (D:5)
  A dart slug (D:3)
  9 leopard geckos
  80 orcs
  A giant cockroach (D:1)
  6 goblins
  9 hobgoblins
  11 jackals
  A kobold (D:3)
  4 quokkas
  2 ball pythons
  7 bats
  2 frilled lizards
  3 gnoll zombies (Ossuary)
  7 goblin zombies (Ossuary)
  A hobgoblin zombie (Ossuary)
  An orc zombie (Ossuary)
  4 rats
301 creatures vanquished.

Vanquished Creatures (others)
  A jackal (D:11)
  13 fungi (D:11)
  15 plants (D:11)
29 creatures vanquished.

Grand Total: 330 creatures vanquished

Notes
Turn   | Place    | Note
-------+----------+-------------------------------------------
     0 | D:1      | Marvel the Troll Monk began the quest for the Orb.
     0 | D:1      | Reached XP level 1. HP: 22/22 MP: 0/0
   220 | D:1      | Reached XP level 2. HP: 29/29 MP: 1/1
   925 | D:2      | Noticed Sigmund
  1124 | D:2      | You fall into a shaft and drop 2 floors!
  1129 | D:4      | Reached XP level 3. HP: 33/36 MP: 2/2
  1190 | D:3      | Reached skill level 4 in Unarmed Combat
  1190 | D:3      | Reached XP level 4. HP: 42/44 MP: 3/3
  1340 | D:3      | Noticed a human
  1341 | D:3      | Found a runed translucent door.
  1382 | D:3      | Found a basalt altar of Yredelemnul.
  1725 | D:3      | Noticed a centaur
  1742 | D:3      | Killed a centaur
  1743 | D:3      | Reached skill level 5 in Unarmed Combat
  1743 | D:3      | Reached XP level 5. HP: 17/53 MP: 4/4
  2326 | D:4      | Reached XP level 6. HP: 58/61 MP: 5/5
  2337 | D:4      | Found a hide-covered altar of Uskayaw.
  2450 | D:4      | Reached skill level 6 in Unarmed Combat
  2464 | D:4      | Became a worshipper of Uskayaw the Reveller
  2464 | D:4      | Reached * piety under Uskayaw
  2471 | D:4      | Found Riomanok's Distillery.
  2479 | D:4      | Bought a potion of haste for 130 gold pieces
  2538 | D:4      | Reached ** piety under Uskayaw
  2542 | D:4      | Reached *** piety under Uskayaw
  2753 | D:4      | Found a faded altar of an unknown god.
  2753 | D:4      | Found a basalt altar of Yredelemnul.
  2758 | D:4      | Found a shadowy altar of Dithmenos.
  2760 | D:4      | Found a sparkling altar of Nemelex Xobeh.
  2762 | D:4      | Found a faded altar of an unknown god.
  2777 | D:4      | Reached XP level 7. HP: 67/67 MP: 6/6
  2947 | D:5      | Entered Level 5 of the Dungeon
  3031 | D:5      | Reached skill level 7 in Unarmed Combat
  3077 | D:5      | Found a shimmering altar of Xom.
  3078 | D:5      | Found a hazy altar of Hepliaklqana.
  3079 | D:5      | Noticed a spectral ugly thing
  3139 | D:5      | Found Puetelui's Antique Weapon Boutique.
  3206 | D:5      | Found a staircase to the Ecumenical Temple.
  3486 | D:6      | Reached **** piety under Uskayaw
  3490 | D:6      | Reached XP level 8. HP: 58/78 MP: 7/7
  3558 | D:6      | Noticed Pikel
  3649 | D:5      | Killed Pikel
  3650 | D:5      | Reached skill level 5 in Dodging
  3650 | D:5      | Reached skill level 9 in Unarmed Combat
  3754 | D:6      | Found Dysoib's Distillery.
  3762 | D:6      | Bought a potion of curing for 36 gold pieces
  3762 | D:6      | Bought a potion of berserk rage for 60 gold pieces
  4345 | D:7      | Reached XP level 9. HP: 65/84 MP: 8/8
  4461 | D:7      | Found a sand-covered staircase.
  4471 | Ossuary  | Entered an ossuary
  4669 | D:7      | Reached skill level 10 in Unarmed Combat
  4764 | D:7      | Found a broken altar of Ashenzari.
  5220 | D:8      | Learned a level 2 spell: Blink
  5280 | D:8      | Got a bloodstained morningstar
  5281 | D:8      | Identified the cursed +2 morningstar "Boavecha" {speed,
                  | *Noise Dex+5} (You found it on level 8 of the Dungeon)
  5927 | D:8      | Reached skill level 1 in Maces & Flails
  5927 | D:8      | Reached skill level 11 in Unarmed Combat
  6127 | D:9      | Noticed Maurice
  6510 | D:8      | Reached XP level 10. HP: 46/94 MP: 9/9
  6615 | D:9      | Found a staircase to the Orcish Mines.
  6783 | D:9      | Found Femi Pocoo's Book Boutique.
  6861 | D:9      | Found a burning altar of Makhleb.
  7023 | D:9      | Reached skill level 5 in Fighting
  7047 | D:9      | Found a sacrificial altar of Ru.
  7464 | D:10     | Entered Level 10 of the Dungeon
  7573 | D:10     | Reached skill level 1 in Armour
  7586 | D:10     | Reached ***** piety under Uskayaw
  7608 | D:10     | Found Righ's Armour Shop.
  7811 | D:10     | Killed an unseen horror
  8071 | D:10     | You fall into a shaft and drop 1 floor!
  8092 | D:11     | Noticed Nergalle
  8093 | D:11     | Noticed a spectral orc warlord
  8119 | D:11     | Killed Nergalle
  8121 | D:11     | Reached ****** piety under Uskayaw
  8137 | D:11     | Reached XP level 11. HP: 71/107 MP: 10/10
  8155 | D:11     | HP: 3/107 [komodo dragon (23)]
  8403 | D:11     | Found a staircase to the Lair.
  8440 | D:11     | Noticed Erica
  8595 | D:11     | Killed Erica
  9155 | D:11     | Noticed Fannar
  9194 | D:11     | Killed from afar by Fannar

Illustrated notes

Levels and vault maps discovered:
D:1:      evilmike_arrival_home_sweet_home, layout_basic,
          minmay_stone_trees_small
D:2:      layout_loops_ring, uniq_sigmund
D:3:      layout_loops_ring, dk_yredelemnul_ordeal
D:4:      layout_cave_pools, eat_drink_and_be_merry_uskayaw,
          chequers_temple_overflow_minitemple, serial_shops, shop,
          grunt_ministairs_5, hangedman_decor_slide_cut
D:5:      layout_cave_pools, regret_index_temple_of_mockery,
          minmay_temple_entry_wispy, serial_shops, nicolae_shop_window_shopping,
          small_statue_intersection, item_on_display_a
D:6:      layout_cave_pools, serial_shops, shop, uniq_pikel
D:7:      layout_loops_ring, nicolae_overflow_crystal_walls,
          nicolae_ossuary_entry_plus
D:8:      layout_loops_corners, nicolae_straight_to_the_point
D:9:      layout_loops_cross, kennysheep_mini_moat, makhleb_grotto_becter,
          hiddenorc2_lemuel, serial_shops, shop_statue, item_on_display_a,
          uniq_maurice
D:10:     layout_irregular_city, serial_shops, shop, roderic_serpentine_path
D:11:     layout_rooms, grunt_lair_entry_orc_guard_hut, uniq_erica, uniq_fannar,
          uniq_nergalle

Skill      XL: |  1  2  3  4  5  6  7  8  9 10 11 |
---------------+----------------------------------+-----
Dodging        | 3 4 5 6 7 8 |  8.2
Unarmed Combat | 4 5 6 7 9 11 | 11.1
Fighting       | 3 4 6 7 |  7.1
Maces & Flails | 3 4 |  4.5
Armour         | 3 4 |  4.1
Throwing       | |  0.1
Stealth        | |  1.0

Action                   |  1- 3 |  4- 6 |  7- 9 | 10-12 || total
-------------------------+-------+-------+-------+-------++-------
Melee: Unarmed           |    63 |   146 |   266 |       ||   475
       Punch             |       |     3 |    26 |    34 ||    63
       Morningstar       |       |       |   149 |   394 ||   543
Throw: Dart              |       |       |     2 |       ||     2
Invok: Stomp             |       |       |     3 |     3 ||     6
  Use: Scroll            |       |       |    11 |     1 ||    12
       Potion            |       |       |       |     1 ||     1
 Stab: Sleeping          |     3 |       |     2 |       ||     5
       Paralysed         |       |     1 |    12 |    15 ||    28
Armor: Robe              |    20 |    52 |   139 |    25 ||   236
       Troll leather arm |       |       |       |   112 ||   112
Dodge: Dodged            |    24 |    80 |   265 |   353 ||   722
